 Dungeon Crawl Stone Soup version 0.29-a0-297-g7659ce593d (webtiles) character file.

Game seed: 14485510786619961963

48 Dabor the Stinger (level 3, 0/28 HPs)
             Began as a Naga Venom Mage on Mar 22, 2022.
             Slain by an iguana (3 damage)
             ... on level 3 of the Dungeon.
             The game lasted 00:03:00 (2818 turns).

Dabor the Stinger (Naga Venom Mage)                 Turns: 2818, Time: 00:03:00

Health: 0/28       AC:  4    Str: 16    XL:     3   Next: 72%
Magic:  6/6        EV: 10    Int: 17    God:
Gold:   103        SH:  0    Dex: 11    Spells: 3/6 levels left

rFire   . . .      SeeInvis +   (no weapon)
rCold   . . .      Faith    .   (no shield)
rNeg    . . .      Spirit   .   a - +0 robe
rPois   +          Reflect  .   d - +0 helmet
rElec   .          Harm     .   i - +0 cloak
rCorr   .          Rampage  .   (no gloves)
Will    +....                   (no barding)
Stlth   ++........              (no amulet)
HPRegen 0.09/turn               e - +6 ring of strength
MPRegen 0.10/turn               g - ring of willpower

@: about to teleport, very slightly contaminated, very slow
A: AC +1, large, see invisible, deformed body, poison resistance, slowness 2,
spit poison 1, naga tail 1
a: Spit Poison


You were on level 3 of the Dungeon.
You visited 1 branch of the dungeon, and saw 3 of its levels.

You collected 103 gold pieces.

Inventory:

Armour
 a - a +0 robe (worn)
 d - a +0 helmet (worn)
 i - a +0 cloak (worn)
Jewellery
 e - a +6 ring of strength (left hand)
 g - a ring of willpower (right hand)
Scrolls
 f - a scroll of identify {unknown}
 l - a scroll of immolation {unknown}
Potions
 c - a potion of lignification {unknown}
 k - a potion of heal wounds {unknown}


   Skills:
 + Level 2.1 Dodging
 + Level 3.7 Stealth
 + Level 2.3 Spellcasting
 + Level 1.6 Transmutations
 + Level 4.4 Poison Magic


You had 3 spell levels left.
You knew the following spells:

 Your Spells              Type           Power      Damage    Failure   Level
a - Sting                 Tmut/Pois      48%        1d5       5%          1
b - Poisonous Vapours     Pois/Air       18%        N/A       11%         2

Your spell library contained the following spells:

 Spells                   Type           Power      Damage    Failure   Level
 Blink                    Tloc           4%         N/A       28%         2
 Mephitic Cloud           Conj/Pois/Air  7%         N/A       30%         3
 Olgreb's Toxic Radiance  Pois           17%        N/A       30%         4
 Manifold Assault         Tloc           2%         N/A       99%         5
 Storm Form               Tmut/Air       2%         N/A       100%        7


Dungeon Overview and Level Annotations

Branches:
Dungeon (3/15)

Altars:


Innate Abilities, Weirdness & Mutations

Your serpentine skin is tough. (AC +1)
You have supernaturally acute eyesight. (SInv)
Armour fits poorly on your strangely shaped body.
Your system is resistant to poisons. (rPois)
You cover ground very slowly.
You can spit poison.
You have a snake-like lower body.


Message History

A goblin comes into view. It is wielding a +0 club.
The goblin shouts!
A goblin is nearby!
A goblin is nearby!
A goblin is nearby!
Casting: Sting (safe; 5% risk of failure)
Confirm with . or Enter, or press ? or * to list all spells.
Aiming: Poisonous Vapours (safe; 11% risk of failure)
Press: ? - help, Dir - move target, f - goblin
Aim: a goblin, wielding a +0 club Poisonous vapours surround the goblin!
The goblin is poisoned.
Casting: Poisonous Vapours (safe; 11% risk of failure)
Confirm with . or Enter, or press ? or * to list all spells.
Aiming: Poisonous Vapours (safe; 11% risk of failure)
Press: ? - help, Dir - move target, f/p - goblin
Aim: a goblin, wielding a +0 club (poisoned)
You miscast Poisonous Vapours.
You are very lightly contaminated with residual magic.
Nothing appears to happen.
An iguana comes into view.
The iguana hisses angrily.
You see here a fuming brown potion.
The sting misses the goblin.
Aiming: Spit Poison (2% risk of failure)
Press: ? - help, Shift-Dir - straight line, f - iguana, p - goblin
Aim: an iguana (65% to hit)
The splash of poison misses the iguana.
The goblin hits you with a +0 club. The iguana bites you!
Magic courses through your body.
The goblin looks more healthy.
The goblin hits you with a +0 club. The iguana bites you!
* * * LOW HITPOINT WARNING * * *
Okay, then.
As you read the scroll labelled KOFEAN RYEVI, it crumbles to dust.
You feel strangely unstable.
It was a scroll of teleportation.
The goblin hits you but does no damage. The iguana closely misses you.
As you read the scroll labelled JEOVIH UKUOH, it crumbles to dust.
The scroll dissolves into smoke.
It was a scroll of fog.
You have got your breath back.
The goblin hits you but does no damage. The iguana bites you.
You die...

. ## ### ##. . #(.
... . #.# #.# .##
##.## #.# #..
######§§§###.# #.#
......g@§§##.# #.#
......l§§....####<#
.###..§§.§##......#
#.#...###.######
#.##.## #.. . ...#
#..# . ..... #..#
##..#### #..# ..
...#


You could see an iguana and a goblin.

Vanquished Creatures
  An adder (D:2)
  A dart slug (D:2)
  3 endoplasms
  3 giant cockroaches (D:1)
  4 hobgoblins
  2 jackals (D:1)
  4 kobolds
  A quokka (D:1)
  3 bats
  2 frilled lizards (D:1)
  6 goblins
  4 rats
34 creatures vanquished.

Notes
Turn   | Place    | Note
-------+----------+-------------------------------------------
     0 | D:1      | Dabor the Naga Venom Mage began the quest for the Orb.
     0 | D:1      | Reached XP level 1. HP: 15/15 MP: 3/3
   319 | D:1      | Reached XP level 2. HP: 22/22 MP: 3/5
   385 | D:1      | Learned a level 2 spell: Poisonous Vapours
   464 | D:1      | Found a faded altar of an unknown god.
  1477 | D:1      | Reached XP level 3. HP: 28/28 MP: 3/6
  2818 | D:3      | Slain by an iguana

Illustrated notes

Levels and vault maps discovered:
D:1:      lemuel_arrival_funnel, layout_loops_corners,
          shapermc_ecumenical_altar_mp_highgroup,
          chequers_serial_rivers_micro_d, hangedman_decor_peaks_small
D:2:      layout_basic, corexii_item_surrounded_by_moat, dk_noncrumbling_3
D:3:      layout_loops_ring, minmay_crystal_room

Skill      XL: |  1  2  3 |
---------------+----------+-----
Dodging        | 2 |  2.1
Stealth        | |  3.7
Spellcasting   | |  2.3
Transmutations | |  1.6
Poison Magic   | |  4.4

Action                   || total
-------------------------++-------
Melee: Unarmed           ||    16
 Cast: Sting             ||    57
       Poisonous Vapours ||     9
 Abil: Spit Poison       ||     2
  Use: Scroll            ||     2
       Potion            ||     1
Armor: Robe              ||     8
Dodge: Dodged            ||    16

Table legend: (Time is in decaauts)
 A = Elapsed time spent in this place.
 B = Non-inter-level travel time spent in this place.
 C = Inter-level travel time spent in this place.
 D = Time resting spent in this place.
 E = Time spent auto-exploring this place.
 F = Levels seen in this place.
 G = Mean time per level.
                   A        B        C        D        E       F      G
               +--------+--------+--------+--------+--------+-----+--------+
         Total |   3483 |   3355 |    128 |    198 |   2822 |   3 | 1161.0 |
       Dungeon |   3483 |   3355 |    128 |    198 |   2822 |   3 | 1161.0 |
               +--------+--------+--------+--------+--------+-----+--------+

Top non-repeatable levels by time:
     D:1: 2025 daAuts
     D:2: 1434 daAuts
     D:3: 23 daAuts
